 Dungeon Crawl Stone Soup version 0.31-a0-1237-gabc64e778c (webtiles) character file.

Game seed: 5990678850802575797

39 Curundu the Trooper (level 3, -7/34 HPs)
             Began as a Minotaur Berserker on Dec 16, 2023.
             Was a Believer of Trog.
             Mangled by a gnoll
             ... wielding a +2 spear of freezing
              (8 damage)
             ... on level 2 of the Dungeon.
             The game lasted 00:02:21 (809 turns).

Curundu the Trooper (Minotaur Berserker)             Turns: 809, Time: 00:02:22

Health: -7/34      AC:  2    Str: 23    XL:     3   Next: 26%
Magic:  2/2        EV: 12    Int:  4    God:    Trog [**....]
Gold:   47         SH:  0    Dex:  9    Spells: 2/2 levels left

rFire   . . .        a - +0 falchion
rCold   . . .        (no shield)
rNeg    . . .        b - +0 animal skin
rPois   .            (helmet restricted)
rElec   .            (no cloak)
rCorr   .            (no gloves)
SInv    .            (no boots)
Will    .....        (no amulet)
Stlth   +            (no ring)
HPRegen 0.25/turn    (no ring)
MPRegen 0.08/turn

%: no passive effects
@: no status effects
A: horns 2, retaliatory headbutt
a: Renounce Religion, Berserk, Trog's Hand


You were on level 2 of the Dungeon.
You worshipped Trog.
Trog was pleased with you.
You visited 1 branch of the dungeon, and saw 2 of its levels.

You collected 47 gold pieces.

Inventory:

Hand Weapons
 a - a +0 falchion (weapon)
Armour
 b - a +0 animal skin (worn)
Scrolls
 c - 2 scrolls of identify {unknown}
Potions
 d - a potion of brilliance {unknown}
 e - a potion of mutation {unknown}


   Skills:
 + Level 4.5 Fighting
 + Level 4.1 Long Blades
 + Level 2.6 Armour
 + Level 2.5 Dodging
 + Level 0.3 Stealth


You had 2 spell levels left.
You didn't know any spells.
Your spell library was empty.

Dungeon Overview and Level Annotations

Branches:
Dungeon (2/15)

Altars:


Innate Abilities, Weirdness & Mutations

You have a pair of horns on your head.
You reflexively headbutt those who attack you in melee.


Message History

Found 5 stones.
There is a stone staircase leading up here.
A gnoll comes into view. It is wielding a +0 whip.
The gnoll shouts!
You hear a shout! x2
A gnoll comes into view. It is wielding a +0 spear.
You hear a shout!
A gnoll comes into view. It is wielding a +2 spear of freezing.
Found a scroll labelled JUUFARUACVI.
The gnoll shouts!
A hobgoblin comes into view.
The hobgoblin shouts!
The gnoll hits you with a +0 spear! The gnoll barely misses you. x2
You hit the gnoll. You headbutt the gnoll.
The gnoll is moderately wounded.
The gnoll hits you with a +0 whip!
The gnoll hits you from afar with a +2 spear of freezing.
The gnoll freezes you. The gnoll hits you with a +0 spear.
* * * LOW HITPOINT WARNING * * *
You closely miss the gnoll.
You headbutt the gnoll, but do no damage.
The gnoll is moderately wounded.
An endoplasm comes into view.
The gnoll closely misses you. You furiously retaliate!
You headbutt the gnoll!
You kill the gnoll!
Trog accepts your kill. The gnoll hits you with a +0 spear.
* * * LOW HITPOINT WARNING * * *
The hobgoblin hits you.
* * * LOW HITPOINT WARNING * * *
The gnoll completely misses you.
You hit the gnoll.
The gnoll is severely wounded.
The gnoll barely misses you. The gnoll closely misses you.
The hobgoblin closely misses you.
You closely miss the gnoll.
The gnoll is severely wounded.
The gnoll completely misses you. The hobgoblin hits you.
* * * LOW HITPOINT WARNING * * *
The gnoll hits you from afar with a +2 spear of freezing!
You die...

# .# ##.## #.... #
...#
###...#####...####
.........<.......#
#...####...###..
##.Jg@...#....#
#.#g#)..(.##...
.g.#####...##.
..... ##....
....... ....
....... ###
#######


You could see 2 gnolls, an endoplasm and a hobgoblin.

Vanquished Creatures
  A gnoll (D:2)
  3 dart slugs (D:1)
  A bat (D:1)
  3 endoplasms (D:1)
  A giant cockroach (D:1)
  2 hobgoblins (D:1)
  A quokka (D:1)
  2 ball pythons (D:1)
  2 frilled lizards (D:1)
  7 kobolds (D:1)
  A rat (D:1)
24 creatures vanquished.

Notes
Turn   | Place    | Note
-------+----------+-------------------------------------------
     0 | D:1      | Curundu the Minotaur Berserker began the quest for the Orb.
     0 | D:1      | Reached XP level 1. HP: 19/19 MP: 0/0
   297 | D:1      | Reached XP level 2. HP: 20/27 MP: 1/1
   572 | D:1      | Reached ** piety under Trog
   630 | D:1      | Reached XP level 3. HP: 33/34 MP: 2/2
   809 | D:2      | HP: 1/34 [hobgoblin (3)]
   809 | D:2      | Mangled by a gnoll

Illustrated notes

Levels and vault maps discovered:
D:1:      scummos_arrival_hexagon, layout_basic
D:2:      kennysheep_six_static_rooms, layout_rooms,
          hangedman_decor_diamond_cutter, uniq_sigmund

Skill      XL: |  1  2 |
---------------+-------+-----
Fighting       | 4 |  4.5
Long Blades    | 4 |  4.1
Armour         | |  2.6
Dodging        | |  2.5
Stealth        | |  0.3

Action                     || total
---------------------------++-------
  Melee: Falchion          ||    68
         Headbutt          ||    11
 Armour: Animal skin       ||    36
  Dodge: Dodged            ||    53

Table legend: (Time is in decaauts)
 A = Elapsed time spent in this place.
 B = Non-inter-level travel time spent in this place.
 C = Inter-level travel time spent in this place.
 D = Time resting spent in this place.
 E = Time spent auto-exploring this place.
 F = Levels seen in this place.
 G = Mean time per level.
                   A        B        C        D        E       F      G
               +--------+--------+--------+--------+--------+-----+--------+
         Total |    816 |    814 |      2 |      0 |    576 |   2 |  408.0 |
       Dungeon |    816 |    814 |      2 |      0 |    576 |   2 |  408.0 |
               +--------+--------+--------+--------+--------+-----+--------+

Top non-repeatable levels by time:
     D:1: 806 daAuts
     D:2: 10 daAuts
